 Dungeon Crawl Stone Soup version 0.29-a0-520-gc852659 (webtiles) character file.

Game seed: 6924544281211552997

4814 Illumine the Grappler (level 10, -4/96 HPs)
             Began as a Troll Cinder Acolyte on May 31, 2022.
             Was a High Priest of Ignis.
             Slain by a four-headed hydra (14 damage)
             ... on level 1 of the Lair of Beasts.
             The game lasted 00:13:29 (6303 turns).

Illumine the Grappler (Troll Cinder Acolyte)        Turns: 6303, Time: 00:13:29

Health: -4/96      AC:  6    Str: 28    XL:     10   Next: 24%
Magic:  10/10      EV: 10    Int: 10    God:    Ignis [*****.]
Gold:   737        SH:  0    Dex:  5    Spells: 9/11 levels left

rFire   + + .      SeeInvis .   a - -1 falchion (flame)
rCold   + . .      Faith    .   (no shield)
rNeg    . . .      Spirit   .   F - +2 robe {rC+ rF+}
rPois   .          Reflect  .   (helmet restricted)
rElec   .          Harm     .   (no cloak)
rCorr   +          Rampage  .   (gloves unavailable)
Will    .....                   (boots unavailable)
Stlth   +.........              (no amulet)
HPRegen 1.06/turn               v - ring of resist corrosion
MPRegen 0.12/turn               (no ring)

@: studying Dodging
A: large, unfitting armour, claws 3, regeneration 1, shaggy fur 1, tough skin 1
a: Renounce Religion, Fiery Armour, Foxfire Swarm


You were on level 1 of the Lair of Beasts.
You worshipped Ignis.
Ignis was extremely pleased with you.
You visited 2 branches of the dungeon, and saw 9 of its levels.
You also visited: Ossuary.

You collected 737 gold pieces.

Inventory:

Hand Weapons
 a - a -1 falchion of flaming (weapon)
Missiles
 e - 9 poisoned darts
 D - a javelin (quivered)
 E - a throwing net
Armour
 b - a +1 robe
 k - a +2 robe of fire resistance
 F - a +2 robe of resistance (worn)
 K - a +0 kite shield
Jewellery
 m - a ring of ice
 v - a ring of resist corrosion (left claw)
Wands
 p - a wand of charming (8)
 C - a wand of iceblast (2)
Scrolls
 f - a scroll of blinking {unknown}
 h - 7 scrolls of teleportation
 j - a scroll of enchant armour
 l - a scroll of magic mapping
 n - 2 scrolls of fog {unknown}
 r - 2 scrolls of vulnerability {unknown}
 s - 4 scrolls of noise
 t - a scroll of immolation {unknown}
 y - a scroll of poison {unknown}
 B - 2 scrolls of enchant weapon {unknown}
 H - 3 scrolls of brand weapon {unknown}
 J - a scroll of silence {unknown}
Potions
 c - 5 potions of mutation
 d - 2 potions of flight {unknown}
 g - a potion of haste {unknown}
 i - 6 potions of curing
 o - a potion of cancellation {unknown}
 q - 4 potions of lignification
 u - 3 potions of might
 w - a potion of resistance {unknown}
 x - a potion of heal wounds {unknown}
 z - a potion of magic {unknown}
 A - 3 potions of attraction {unknown}
 G - 2 potions of degeneration {unknown}
 I - a potion of brilliance


   Skills:
 + Level 5.5 Fighting
 - Level 2.4 Long Blades
 + Level 5.2 Throwing
 + Level 5.6 Dodging
 + Level 0.0 Shields
 * Level 11.0 Unarmed Combat
 - Level 1.0 Spellcasting
 - Level 2.1 Fire Magic


You had 9 spell levels left.
You knew the following spells:

 Your Spells              Type           Power      Damage    Failure   Level
a - Scorch                Fire           8%         2d5       22%         2

Your spell library contained the following spells:

 Spells                   Type           Power      Damage    Failure   Level
 Beastly Appendage        Tmut           0%         N/A       34%         1
 Passwall                 Tmut/Erth      0%         N/A       45%         2
 Wereblood                Tmut           0%         N/A       45%         2
 Frozen Ramparts          Ice            0%         1d2       71%         3
 Gell's Gravitas          Tloc           0%         N/A       71%         3
 Lesser Beckoning         Tloc           0%         N/A       71%         3
 Spider Form              Tmut/Pois      0%         N/A       71%         3
 Teleport Other           Tloc           0%         N/A       71%         3
 Ice Form                 Ice/Tmut       0%         N/A       98%         4
 Summon Ice Beast         Ice/Summ       0%         N/A       98%         4
 Borgnjor's Vile Clutch   Necr/Erth      0%         N/A       100%        5
 Iron Shot                Conj/Erth      0%         9d1       100%        6
 Statue Form              Tmut/Erth      0%         N/A       100%        6


Dungeon Overview and Level Annotations

Branches:
Dungeon (8/15)             Temple (0/1) D:6            Lair (1/6) D:8
Ossuary (visited)

Altars:
Cheibriados
Elyvilon
Kikubaaqudgha
Qazlal
Ru
Xom
Zin

Annotations:
D:2 Sigmund
D:7 Dowan, Duvessa


Innate Abilities, Weirdness & Mutations

You are too large for most types of armour.
You have claws for hands.
Your natural rate of healing is unusually fast.
You are covered in fur. (AC +1)
You have tough skin. (AC +1)


Message History

The seven-headed hydra barely misses you.
The seven-headed hydra bites you but does no damage.
The seven-headed hydra bites you. The seven-headed hydra bites you!
The seven-headed hydra closely misses you.
You hit the seven-headed hydra but do no damage.
The seven-headed hydra is severely wounded.
The seven-headed hydra bites you! x2; The seven-headed hydra bites you.
The seven-headed hydra barely misses you.
The seven-headed hydra closely misses you.
The seven-headed hydra bites you!
The seven-headed hydra closely misses you.
You chop one of the seven-headed hydra's heads off!
The flame cauterises the wound!
You hit the six-headed hydra. You burn the six-headed hydra.
The six-headed hydra is severely wounded.
The six-headed hydra bites you! The six-headed hydra barely misses you.
The six-headed hydra bites you!
* * * LOW HITPOINT WARNING * * *
The six-headed hydra bites you!
* * * LOW HITPOINT WARNING * * *
The six-headed hydra barely misses you.
The six-headed hydra bites you but does no damage.
You hack one of the six-headed hydra's heads off!
The flame cauterises the wound!
You hit the five-headed hydra. You burn the five-headed hydra.
The five-headed hydra is severely wounded.
The five-headed hydra barely misses you.
The five-headed hydra bites you but does no damage.
The five-headed hydra barely misses you.
The five-headed hydra bites you!
* * * LOW HITPOINT WARNING * * *
The five-headed hydra bites you.
* * * LOW HITPOINT WARNING * * *
You lop one of the five-headed hydra's heads off!
The flame cauterises the wound!
You hit the four-headed hydra. You burn the four-headed hydra.
The four-headed hydra is almost dead.
The four-headed hydra barely misses you.
The four-headed hydra bites you!
You die...

#.................
##..........[......
#................##
#................#
#.##P..###..#.####
#.###..##(...⌠..#.
#..#......#.....#.
#D##.......⌠.>..'.
#@##......#.....#.
#..##......##.⌠.##.
##.##[####..#.###.#
#.#### ####....##
#.. ........## ...
........#. #..
.......... #...
..........
..#.......


You could see a four-headed hydra.

Vanquished Creatures
  A rime drake (Lair:1)
  A polar bear (Lair:1)
  A hornet (D:8)
  4 yaks (Lair:1)
  2 water moccasins
  A sky beast (D:6)
  8 black bears
  2 ice beasts
  A centaur (D:7)
  2 phantoms (D:7)
  5 bullfrogs
  4 scorpions
  A necrophage (D:4)
  8 wights (D:8)
  6 howler monkeys
  4 hounds
  A gnoll shaman (D:6)
  3 orc priests
  5 iguanas
  6 orc wizards
  8 mummies (Ossuary)
  7 gnolls
  8 adders
  A white imp (D:6)
  An ufetubus (D:4)
  3 dart slugs
  27 orcs
  7 endoplasms
  2 giant cockroaches
  A gnoll zombie (Ossuary)
  5 goblins
  10 hobgoblins
  4 jackals (D:1)
  6 quokkas
  5 ball pythons
  4 bats (D:1)
  A frilled lizard (D:2)
  3 hobgoblin zombies (Ossuary)
  9 kobolds
  2 kobold zombies (Ossuary)
  2 orc zombies (Ossuary)
  4 rats
  A spectral goblin (D:1)
187 creatures vanquished.

Vanquished Creatures (others)
  30 fungi (D:8)
  21 plants (D:8)
51 creatures vanquished.

Grand Total: 238 creatures vanquished

Notes
Turn   | Place    | Note
-------+----------+-------------------------------------------
     0 | D:1      | Illumine the Troll Cinder Acolyte began the quest for the
                  | Orb.
     0 | D:1      | Reached XP level 1. HP: 22/22 MP: 1/1
   135 | D:1      | Reached skill level 1 in Unarmed Combat
   214 | D:1      | Reached XP level 2. HP: 25/29 MP: 2/2
   250 | D:1      | Reached skill level 2 in Unarmed Combat
   367 | D:1      | Reached XP level 3. HP: 36/36 MP: 3/3
   445 | D:1      | Found a faded altar of an unknown god.
   809 | D:2      | Reached skill level 3 in Unarmed Combat
   888 | D:2      | Noticed Sigmund
  1100 | D:3      | Reached XP level 4. HP: 44/44 MP: 4/4
  1137 | D:3      | Learned a level 2 spell: Scorch
  1215 | D:3      | Found a sacrificial altar of Ru.
  1266 | D:3      | Reached skill level 4 in Unarmed Combat
  1311 | D:3      | Found a white marble altar of Elyvilon.
  1341 | D:3      | Found a snail-covered altar of Cheibriados.
  1905 | D:4      | Reached XP level 5. HP: 48/50 MP: 2/5
  1940 | D:4      | Reached skill level 5 in Unarmed Combat
  2127 | D:5      | Entered Level 5 of the Dungeon
  2170 | D:5      | Reached skill level 6 in Unarmed Combat
  2170 | D:5      | Reached XP level 6. HP: 59/59 MP: 1/6
  2492 | D:4      | Found a glowing silver altar of Zin.
  2536 | D:4      | Reached skill level 7 in Unarmed Combat
  2847 | D:4      | Found an ancient bone altar of Kikubaaqudgha.
  2861 | D:4      | Reached XP level 7. HP: 57/66 MP: 7/7
  2933 | D:4      | Got the Compendium of the Mountains
  3231 | D:6      | Reached skill level 1 in Throwing
  3231 | D:6      | Reached skill level 1 in Dodging
  3839 | D:6      | Reached skill level 8 in Unarmed Combat
  3839 | D:6      | Reached XP level 8. HP: 73/75 MP: 8/8
  3858 | D:6      | Found a staircase to the Ecumenical Temple.
  4072 | D:6      | Found a shimmering altar of Xom.
  4119 | D:6      | Found a stormy altar of Qazlal.
  4779 | D:7      | Reached skill level 9 in Unarmed Combat
  4838 | D:7      | Noticed Dowan
  4838 | D:7      | Noticed Duvessa
  4991 | D:8      | Reached XP level 9. HP: 73/84 MP: 4/9
  5282 | D:8      | Reached skill level 10 in Unarmed Combat
  5325 | D:8      | Reached skill level 5 in Fighting
  5342 | D:8      | Found a sand-covered staircase.
  5349 | Ossuary  | Entered an ossuary
  5676 | D:8      | Found a staircase to the Lair.
  5950 | D:8      | Noticed a two-headed ogre
  5950 | D:8      | Noticed a centaur warrior
  5950 | D:8      | Noticed a manticore
  5999 | Lair:1   | Entered Level 1 of the Lair of Beasts
  6042 | Lair:1   | Noticed a polar bear
  6052 | Lair:1   | Noticed a rime drake
  6052 | Lair:1   | Killed a polar bear
  6053 | Lair:1   | Reached skill level 5 in Dodging
  6053 | Lair:1   | Reached XP level 10. HP: 91/96 MP: 10/10
  6061 | Lair:1   | Reached skill level 5 in Throwing
  6076 | Lair:1   | Reached skill level 11 in Unarmed Combat
  6287 | Lair:1   | Noticed a seven-headed hydra
  6303 | Lair:1   | Slain by a four-headed hydra

Illustrated notes

Levels and vault maps discovered:
D:1:      minmay_arrival_split_and_join, layout_basic,
          dreamdust_ecumenical_altar_drowned_temple
D:2:      minmay_chambers_of_ones, layout_basic, uniq_sigmund
D:3:      layout_loops_cross, elyvilon_altar_1,
          mainiacjoe_overflow_catch_the_wave
D:4:      layout_basic, mainiacjoe_overflow_cross_hatched,
          mainiacjoe_overflow_alcove_1, portal_sewer_entry_a
D:5:      layout_basic, cheibrodos_gnoll_hut
D:6:      layout_basic, nicolae_qazlal_general_emergency,
          nicolae_overflow_hidden_temple, minmay_temple_entry_waves
D:7:      layout_rooms, minmay_crossroads, uniq_duvessa
D:8:      layout_gridville, lemuel_round_altar, due_lair_maze_entry_diamond,
          enter_ossuary_1, minmay_the_grid_2x2 [minmay_the_grid_expand,
          minmay_the_grid_stretched_grid, minmay_the_grid_tree,
          minmay_the_grid_prize_big_room]
Lair:1:   layout_regular_city, gammafunk_ghost_necromancy, lemuel_fruit_tree,
          grunt_megastairs_1, lemuel_fruit_fields

Skill      XL: |  1  2  3  4  5  6  7  8  9 10 |
---------------+-------------------------------+-----
Unarmed Combat | 1 2 3 4 6 7 8 9 10 11 | 11.0
Throwing       | 2 3 4 5 |  5.2
Dodging        | 1 3 5 |  5.6
Fighting       | 3 4 5 |  5.5
Long Blades    | |  2.4
Spellcasting   | |  1.0
Fire Magic     | |  2.1

Action                   |  1- 3 |  4- 6 |  7- 9 | 10-12 || total
-------------------------+-------+-------+-------+-------++-------
Melee: Falchion          |    89 |       |       |     4 ||    93
       Unarmed           |    63 |   171 |   280 |    23 ||   537
       Punch             |     2 |     3 |     5 |     1 ||    11
Throw: Dart              |     3 |       |       |       ||     3
       Javelin           |       |       |       |     3 ||     3
 Cast: Scorch            |       |    10 |    35 |       ||    45
Invok: Rising Flame      |       |       |     1 |       ||     1
       Fiery Armour      |       |       |     1 |       ||     1
Evoke: Wand              |       |       |       |     2 ||     2
  Use: Scroll            |       |       |    10 |       ||    10
 Stab: Distracted        |       |       |     1 |       ||     1
Armor: Robe              |    67 |    39 |    76 |    10 ||   192
Dodge: Dodged            |    78 |    67 |   122 |    14 ||   281

Table legend: (Time is in decaauts)
 A = Elapsed time spent in this place.
 B = Non-inter-level travel time spent in this place.
 C = Inter-level travel time spent in this place.
 D = Time resting spent in this place.
 E = Time spent auto-exploring this place.
 F = Levels seen in this place.
 G = Mean time per level.
                   A        B        C        D        E       F      G
               +--------+--------+--------+--------+--------+-----+--------+
         Total |   6259 |   6060 |    199 |    412 |   3702 |  10 |  625.9 |
       Dungeon |   5659 |   5460 |    199 |    356 |   3445 |   8 |  707.4 |
          Lair |    299 |    299 |      0 |     28 |    169 |   1 |  299.0 |
       Ossuary |    301 |    301 |      0 |     28 |     88 |   1 |  301.0 |
               +--------+--------+--------+--------+--------+-----+--------+

Top non-repeatable levels by time:
     D:6: 992 daAuts
     D:4: 872 daAuts
     D:1: 824 daAuts
     D:5: 788 daAuts
     D:3: 778 daAuts
     D:8: 588 daAuts
     D:7: 574 daAuts
 Ossuary: 301 daAuts
  Lair:1: 299 daAuts
     D:2: 240 daAuts
